 Dungeon Crawl Stone Soup version 0.15-a0-481-g5350d32 (webtiles) character file.

41 Herrn the Charmwright (level 3, 0/20 HPs)
             Began as a Spriggan Wanderer on May 8, 2014.
             Slain by an adder (3 damage)
             ... on Level 2 of the Dungeon.
             The game lasted 00:09:45 (1792 turns).

Herrn the Charmwright (Spriggan Wanderer)           Turns: 1792, Time: 00:09:45

HP   0/20        AC  2     Str  8      XL: 3   Next: 32%
MP   3/6         EV 18     Int 11      God:
Gold 62          SH  0     Dex 18      Spells:  1 memorised,  1 level left

rFire  . . .     SeeInvis +     e - +0 dagger
rCold  . . .     Clarity  .     d - +0 robe
rNeg   . . .     Conserve .     (shield restricted)
rPois  .         rCorr    .     (helmet restricted)
rElec  .         rRot     .     (no cloak)
SustAb . .       Spirit   .     (gloves unavailable)
rMut   .         Warding  .     (boots unavailable)
Saprov . . .     Stasis   .     (no amulet)
MR     .....                    (no ring)
                                (no ring)

@: very slightly contaminated, very quick, not resistant to hostile
enchantments, unstealthy
A: unfitting armour, see invisible, herbivore 3, speed 3, slow metabolism 2
a: no special abilities


You were on level 2 of the Dungeon.
You were not hungry.

You visited 1 branch of the dungeon, and saw 2 of its levels.

You collected 62 gold pieces.

Inventory:

Hand weapons
 e - a +0,+0 dagger (weapon)
 n - a +0,+0 dagger
Armour
 d - a +0 robe (worn)
Comestibles
 i - a bread ration
 k - an apple
Scrolls
 g - 2 scrolls of identify {unknown}
 j - a scroll of teleportation {unknown}
 l - a scroll of remove curse {unknown}
 m - a scroll of noise {unknown}
 q - a scroll of enchant weapon II {unknown}
Potions
 b - a potion of curing
 c - a potion of lignification
 f - a potion of porridge
 h - a potion of flight {unknown}
 o - a potion of confusion {unknown}
 p - a potion of heal wounds {unknown}
Books
 a - a book of Battle

   Spells                             Type                      Level
   Infusion                           Charms                       1
   *Shroud of Golubria                Charms/Translocation         2
   Song of Slaying                    Charms                       2
   Spectral Weapon                    Hexes/Charms                 3
   Regeneration                       Charms/Necromancy            3


   Skills:
 * Level 3.1 Fighting
 * Level 0.4 Short Blades
 * Level 2.6 Dodging
 - Level 1.5 Stealth
 - Level 1.0 Unarmed Combat
 * Level 0.8 Spellcasting
 + Level 4.4 Charms
 * Level 0.4 Translocations
   Level 1.3 Evocations


You had one spell level left.
You knew the following spells:

 Your Spells              Type           Power        Failure   Level  Hunger
a - Shroud of Golubria    Chrm/Tloc      #.........   21%         2    ###....


Dungeon Overview and Level Annotations

Branches:
Dungeon (2/15)

Altars:
Ashenzari
Cheibriados
Trog

Annotations:
D:2 Sigmund


Innate Abilities, Weirdness & Mutations

You are tiny and cannot use many weapons and most armour.
You have supernaturally acute eyesight.
You are a herbivore.
You cover ground extremely quickly.
You need consume almost no food.


Message History

The adder poisons you!
You barely miss the adder.
The adder is severely wounded.
* * * LOW HITPOINT WARNING * * *
You feel sick. The adder completely misses you.
You completely miss the adder.
The adder is severely wounded.
The adder barely misses you. The adder bites you.
* * * LOW HITPOINT WARNING * * *
You feel better. The adder completely misses you.
Casting: Shroud of Golubria
Confirm with . or Enter, or press ? or * to list all spells.
You miscast Shroud of Golubria.
You are very lightly contaminated with residual magic.
You spin around.
The adder bites you.
* * * LOW HITPOINT WARNING * * *
You barely miss the adder.
The adder is severely wounded.
The adder completely misses you. The adder bites you.
You die...

#......#
#.........
#......#
#..........
#......#
#..........
#......#
#..........
#....(.#
#..........#
#......#
#..........#
###......#
#..........#
.........#
##S###....##
......(..# #@#
##.#
.........#######.#
#
.........'.......#
.........#########
.........#
.........#
.....##### .....#
.....#


You could see an adder.

Vanquished Creatures
  A giant cockroach (D:2)
  7 goblins (D:1)
  7 hobgoblins
  3 bats (D:1)
  4 giant newts
  8 jackals (D:1)
  3 kobolds (D:1)
  6 rats (D:1)
39 creatures vanquished.

Notes
Turn   | Place    | Note
--------------------------------------------------------------
     0 | D:1      | Herrn, the Spriggan Wanderer, began the quest for the Orb.
     0 | D:1      | Reached XP level 1. HP: 11/11 MP: 2/2
   315 | D:1      | Reached XP level 2. HP: 14/16 MP: 4/4
   319 | D:1      | Learned a level 2 spell: Shroud of Golubria
   995 | D:1      | Reached XP level 3. HP: 18/20 MP: 6/6
  1418 | D:2      | Noticed Sigmund
  1471 | D:2      | Found a snail-covered altar of Cheibriados.
  1471 | D:2      | Found a shattered altar of Ashenzari.
  1471 | D:2      | Found a bloodstained altar of Trog.
  1789 | D:2      | HP: 1/20 [adder (3)]
  1792 | D:2      | Slain by an adder

Action                   || total
-------------------------++-------
Melee: Dagger            ||   229
 Cast: Shroud of Golubri ||    12
  Use: Potion            ||     1
